 Zot Defence DCSS version 0.15-a0-2123-gb18dd36 (webtiles) character file.

271 BluebellGnoll the Thaumaturge (level 6, 14/29 (32) HPs)
             Began as a Deep Elf Necromancer on July 16, 2014.
             Quit the game in the Realm of Zot (Scenario III: Two or Three?).
             The game lasted 00:18:57 (816 turns).

BluebellGnoll the Thaumaturge (Deep Elf Necromancer) Turns: 816, Time: 00:18:57

HP  14/29 (32)   AC  2     Str  6      XL: 6   Next:  2%
MP  24/24        EV 13     Int 21      God:
Gold 0           SH  0     Dex 15      Spells:  6 memorised,  5 levels left

rFire  . . .     SeeInvis .     k - +0 hunting sling
rCold  . . .     Clarity  .     a - +0 robe
rNeg   . . .     rCorr    .     (no shield)
rPois  .         rRot     .     (no helmet)
rElec  .         Spirit   .     (no cloak)
SustAb .         Warding  .     (no gloves)
rMut   .         Stasis   .     (no boots)
Gourm  .                        (no amulet)
MR     .....                    (no ring)
                                (no ring)

@: not resistant to hostile enchantments, unstealthy
A: no striking features
a: Make oklob sapling, Make arrow trap, Make plant, Remove Curse, Make burning
bush, Make altar, Make grenades


You were in the Realm of Zot.
You were not hungry.

You visited 1 branch

Inventory:

Hand weapons
 h - a +1 dagger of electrocution
 j - a +0 dagger
 k - a +0 hunting sling (weapon)
Missiles
 f - 26 stones (quivered)
Armour
 a - a +0 robe (worn)
Comestibles
 d - a bread ration
Scrolls
 i - a scroll of blinking
Potions
 c - 2 potions of curing
 e - a potion of heal wounds
 g - 2 potions of magic
Books
 b - a book of Necromancy

   Spells                             Type                      Level
   *Pain                              Necromancy                   1
   *Animate Skeleton                  Necromancy                   1
   *Vampiric Draining                 Necromancy                   3
   *Regeneration                      Charms/Necromancy            3
   *Animate Dead                      Necromancy                   4
   *Control Undead                    Necromancy                   4


   Skills:
 * Level 1.8 Short Blades
 - Level 2.4 Dodging
 - Level 2.4 Stealth
 + Level 8.0 Spellcasting
 - Level 4.8 Necromancy


You had 5 spell levels left.
You knew the following spells:

 Your Spells              Type           Power        Failure   Level  Hunger
a - Pain                  Necr           ####         1%          1    None
b - Animate Skeleton      Necr           N/A          1%          1    None
c - Vampiric Draining     Necr           ####......   3%          3    None
d - Regeneration          Chrm/Necr      ###.......   12%         3    None
e - Animate Dead          Necr           N/A          14%         4    ###....
f - Control Undead        Necr           ####......   14%         4    ###....


Dungeon Overview and Level Annotations

Branches:
    Zot (1/1)

Altars:


Message History

The vampire mosquito bites your plant but does no damage.
The wolf spider hits your plant but does no damage.
The wolf spider bites your plant! The giant cockroach bites your plant.
Firing (i - inventory):
f - 27 stones (quivered)
Press: ? - help, Shift-Dir - straight line, f/p - vampire mosquito
Aim: a vampire mosquito (heavily damaged)
You shoot a stone.
The stone barely misses the vampire mosquito.
The vampire mosquito bites your plant!
Your plant is destroyed!
The wolf spider closely misses you. The wolf spider bites you.
The wolf spider misses you. The wolf spider bites you!
The giant cockroach bites you.
Your flesh rots away as the Orb of Zot is desecrated. x2
Your oklob sapling spits acid at the vampire mosquito.
The splash of acid hits the vampire mosquito.
Your flesh rots away as the Orb of Zot is desecrated.
Unknown command.
Unknown command.
Are you sure you want to abandon this character and quit the game? (Confirm with "yes".)

▓▓▓▓▓ ▓...▓ ▓▓...▓▓ ▓▓.....▓▓
▓▓▓......P▓▓▓
▓▓▓▓▓.......y)..▓▓▓▓▓
▓▓▓▓▓▓▓▓...^....@s)....^...▓▓▓▓▓▓
.....▓▓...▓▓.%.sss.....▓▓...▓▓...
......▓..▓▓▓▓▓(......▓▓▓▓▓..▓....
......▓..▓ ▓▓)...(▓▓ ▓..▓....
......▓..▓ ▓▓...▓▓ ▓..▓....
......▓..▓ ▓)).▓ ▓..▓....
▓▓....▓..▓ ▓▓^▓▓ ▓..▓....
.▓▓...▓..▓ ▓.▓ ▓..▓...▓
.▓▓...▓..▓▓▓▓▓▓▓▓.▓▓▓▓▓▓▓▓..▓...▓


You could see 2 wolf spiders, a vampire mosquito, 2 giant cockroaches and a
friendly oklob sapling.

Vanquished Creatures
  A hound (Zot)
  A jelly (Zot)
  A worm (Zot)
  An ooze (Zot)
  3 giant cockroaches (Zot)
  4 goblins (Zot)
  A hobgoblin (Zot)
  A jackal (Zot)
  3 ball pythons (Zot)
  6 bats (Zot)
  3 giant newts (Zot)
  2 kobolds (Zot)
  4 rats (Zot)
31 creatures vanquished.

Vanquished Creatures (collateral kills)
  A shadow imp (Zot)
  A giant mite (Zot)
  2 oozes (Zot)
  A giant cockroach (Zot)
  3 hobgoblins (Zot)
  5 kobolds (Zot)
  A ball python (Zot)
  2 bats (Zot)
  A giant newt (Zot)
  5 goblins (Zot)
  3 rats (Zot)
25 creatures vanquished.

Vanquished Creatures (others)
  An oklob sapling (Zot)
  A hound zombie (Zot)
  2 bat zombies (Zot)
  A jackal (Zot)
  A ball python zombie (Zot)
  A giant cockroach zombie (Zot)
  A giant mite zombie (Zot)
  A giant newt (Zot)
  A giant newt zombie (Zot)
  2 goblins (Zot)
  4 goblin zombies (Zot)
  2 hobgoblin zombies (Zot)
  A jackal zombie (Zot)
  A kobold (Zot)
  A kobold skeleton (Zot)
  A kobold zombie (Zot)
  2 rats (Zot)
  3 rat zombies (Zot)
  5 plants (Zot)
32 creatures vanquished.

Grand Total: 88 creatures vanquished

Notes
Turn   | Place    | Note
--------------------------------------------------------------
     0 | Zot      | BluebellGnoll, the Deep Elf Necromancer, began the quest for the Orb.
     0 | Zot      | Reached XP level 1. HP: 10/10 MP: 5/5
   271 | Zot      | Noticed Hepiu
   282 | Zot      | Killed Hepiu the jelly
   282 | Zot      | Reached skill level 6 in Spellcasting
   282 | Zot      | Reached XP level 2. HP: 15/15 MP: 1/12
   282 | Zot      | Reached XP level 3. HP: 19/19 MP: 1/15
   282 | Zot      | Reached XP level 4. HP: 24/24 MP: 1/18
   290 | Zot      | Learned a level 1 spell: Animate Skeleton
   298 | Zot      | Learned a level 3 spell: Vampiric Draining
   311 | Zot      | Learned a level 3 spell: Regeneration
   322 | Zot      | Learned a level 4 spell: Animate Dead
   483 | Zot      | Reached skill level 1 in Short Blades
   483 | Zot      | Reached skill level 7 in Spellcasting
   483 | Zot      | Reached XP level 5. HP: 26/28 MP: 0/21
   504 | Zot      | Learned a level 4 spell: Control Undead
   684 | Zot      | Reached skill level 8 in Spellcasting
   756 | Zot      | Noticed a vampire mosquito
   756 | Zot      | Noticed a wolf spider
   756 | Zot      | Noticed a wolf spider
   766 | Zot      | Reached XP level 6. HP: 32/32 MP: 24/24
   816 | Zot      | Quit the game

Action                   |  1- 3 |  4- 6 || total
-------------------------+-------+-------++-------
Melee: Dagger            |     4 |    75 ||    79
 Fire: Hunting sling     |       |     4 ||     4
Throw: Stone             |     3 |       ||     3
 Cast: Pain              |     9 |    15 ||    24
       Vampiric Draining |       |     6 ||     6
       Animate Dead      |       |     3 ||     3
       Animate Skeleton  |       |     1 ||     1
 Abil: Make oklob saplin |       |     2 ||     2
       Make plant        |       |     5 ||     5
       Make arrow trap   |       |     4 ||     4
  Use: Potion            |     3 |       ||     3
 Stab: Distracted        |       |     2 ||     2
